 Dungeon Crawl Stone Soup version 0.32-a0-290-g598725c5f2 (webtiles) character file.

Game seed: 11532339000813037580

109 CougarLife the Digger (level 4, -2/24 HPs)
             Began as a Gargoyle Earth Elementalist on Feb 14, 2024.
             Killed from afar by Sigmund (6 damage)
             ... with a magic dart
             ... on level 2 of the Dungeon.
             The game lasted 00:01:45 (1532 turns).

CougarLife the Digger (Gargoyle Earth Elementalist) Turns: 1532, Time: 00:01:45

Health: -2/24      AC:  5    Str: 11    XL:     4   Next: 90%
Magic:  8/8        EV: 11    Int: 18    God:
Gold:   90         SH:  0    Dex: 10    Spells: 5/9 levels left

rFire   + . .        f - +0 dagger
rCold   . . .        (no shield)
rNeg    + . .        a - +0 robe
rPois   ∞            (no helmet)
rElec   +            (no cloak)
rCorr   .            (no gloves)
SInv    .            (no boots)
Will    +....        (no amulet)
Stlth   ++           g - ring of protection from fire
HPRegen 0.24/turn    h - ring of willpower
MPRegen 0.11/turn

%: no passive effects
@: no status effects
A: sickness immunity, AC +3, negative energy resistance 1, electricity
resistance, torment resistance 1, petrification resistance
a: no special abilities


You were on level 2 of the Dungeon.
You visited 1 branch of the dungeon, and saw 2 of its levels.

You collected 90 gold pieces.

Inventory:

Hand Weapons
 f - a +0 dagger (weapon)
Armour
 a - a +0 robe (worn)
Jewellery
 g - a ring of protection from fire (left hand)
 h - a ring of willpower (right hand)
Scrolls
 c - 2 scrolls of fear {unknown}
 d - a scroll of enchant weapon {unknown}
 e - 2 scrolls of identify {unknown}
Potions
 b - a potion of magic


   Skills:
 - Level 1.5 Dodging
 - Level 2.1 Stealth
 + Level 3.1 Spellcasting
 + Level 2.9 Conjurations
 + Level 4.7 Earth Magic


You had 5 spell levels left.
You knew the following spells:

 Your Spells              Type           Power      Damage    Failure   Level
a - Sandblast             Erth           38%        2d10      2%          1
b - Stone Arrow           Conj/Erth      32%        3d9       10%         3

Your spell library contained the following spells:

 Spells                   Type           Power      Damage    Failure   Level
 Passwall                 Erth           19%        N/A       7%          3
 Apportation              Tloc           4%         N/A       16%         1
 Jinxbite                 Hex            4%         N/A       24%         2
 Scorch                   Fire           4%         2d5       24%         2
 Brom's Barrelling Bould  Conj/Erth      16%        2d4       32%         4
 Petrify                  Alch/Erth      11%        N/A       52%         4
 Flame Wave               Conj/Fire      8%         2d5       65%         4
 Alistair's Intoxication  Alch           1%         N/A       99%         5
 Summon Cactus Giant      Summ           1%         N/A       100%        6


Dungeon Overview and Level Annotations

Branches:
Dungeon (2/15)

Altars:

Annotations:
D:2 Sigmund


Innate Abilities, Weirdness & Mutations

You are immune to sickness and miasma.
Your stone body is resilient. (AC +3)
You are immune to poison.
You resist negative energy. (rN+)
You are resistant to electric shocks. (rElec)
You are resistant to unholy torment.
You are immune to petrification.


Message History

The blast of sand hits the ribbon worm!
You kill the ribbon worm!
You start resting.
HP restored.
You start resting.
Magic restored.
The web tears apart.
Things that are here:
a ribbon worm corpse; an adder corpse You see here a dart slug corpse.
A bat comes into view.
Casting: Sandblast (safe; 2% risk of failure)
Confirm with . or Enter, or press ? or * to list all spells.
Aiming: Stone Arrow (quite dangerous; 10% risk of failure)
Press: ? - help, Shift-Dir - straight line, f - bat
Aim: a bat (52% to hit)
Okay, then.
The blast of sand hits the bat.
You kill the bat!
Sigmund shouts!
You hear an angry hiss.
Sigmund mumbles some strange words.
Sigmund flickers and vanishes!
Deactivating autopickup; reactivate with Ctrl-A.
A frilled lizard comes into view.
You are confused.
You bump into the rock wall.
You bump into the rock wall.
You bump into the rock wall.
You bump into the rock wall.
Something hits you!
You bump into the rock wall.
You feel less confused. Something hits you!
* * * LOW HITPOINT WARNING * * *
A magic dart appears from out of thin air!
The magic dart hits you.
* * * LOW HITPOINT WARNING * * *
A magic dart appears from out of thin air!
The magic dart hits you.
You die...

.# #.# # #.#[♣.###.♣.#
.... ... .# #).#.#.###.##
#.#.# #.# .# ##†####.#.##
.......... ##.##.⌠.##
#.#.#.#. #..##.## ......
#....#. #.#.#.#.##
##†##...#
....>.†..#######..#####..
#.#.#.#.#...{...@........
.......#.l###.##.......
#.#.#.###.# #.# .......
##..... #..##.# .......
#..... ##..#.# ...:...
#..... #...# #+#####
#.##+## #..# .. #.# .#


You could see a frilled lizard.

Vanquished Creatures
  2 adders (D:2)
  3 dart slugs
  A ribbon worm (D:2)
  5 endoplasms
  2 giant cockroaches (D:1)
  4 goblins
  2 hobgoblins (D:1)
  4 jackals (D:1)
  5 quokkas (D:1)
  3 ball pythons (D:1)
  5 bats
  4 frilled lizards
  6 kobolds
  A rat (D:1)
47 creatures vanquished.

Notes
Turn   | Place    | Note
-------+----------+-------------------------------------------
     0 | D:1      | CougarLife the Gargoyle Earth Elementalist began the quest
                  | for the Orb.
     0 | D:1      | Reached XP level 1. HP: 10/10 MP: 3/3
   103 | D:1      | Reached XP level 2. HP: 15/15 MP: 0/5
   187 | D:1      | Reached skill level 4 in Earth Magic
   401 | D:1      | Reached XP level 3. HP: 19/19 MP: 4/6
   819 | D:1      | Reached XP level 4. HP: 22/24 MP: 2/8
  1166 | D:1      | Learned a level 3 spell: Stone Arrow
  1416 | D:2      | Noticed Sigmund
  1532 | D:2      | Killed from afar by Sigmund

Illustrated notes

Levels and vault maps discovered:
D:1:      co_arrival_random_square_maze, layout_basic, minmay_hexomino_p4
D:2:      layout_basic, grunt_decor_mini_mirrors, st_stairs_11,
          minmay_misc_feat_secret_circle, kennysheep_generic_room_9,
          uniq_terence, uniq_sigmund

Skill      XL: |  1  2  3  4 |
---------------+-------------+-----
Earth Magic    | 4 |  4.7
Conjurations   | 2 |  2.9
Spellcasting   | 3 |  3.1
Dodging        | |  1.5
Stealth        | |  2.1

Action                     |  1- 3 |  4- 6 || total
---------------------------+-------+-------++-------
  Melee: Unarmed           |     3 |       ||     3
         Short sword       |    13 |       ||    13
   Cast: Sandblast         |    41 |    25 ||    66
 Armour: Robe              |    38 |    11 ||    49
  Dodge: Dodged            |    39 |     8 ||    47

Table legend: (Time is in decaauts)
 A = Elapsed time spent in this place.
 B = Non-inter-level travel time spent in this place.
 C = Inter-level travel time spent in this place.
 D = Time resting spent in this place.
 E = Time spent auto-exploring this place.
 F = Levels seen in this place.
 G = Mean time per level.
                   A        B        C        D        E       F      G
               +--------+--------+--------+--------+--------+-----+--------+
         Total |   1562 |   1527 |     35 |     61 |   1191 |   2 |  781.0 |
       Dungeon |   1562 |   1527 |     35 |     61 |   1191 |   2 |  781.0 |
               +--------+--------+--------+--------+--------+-----+--------+

Top non-repeatable levels by time:
     D:1: 1223 daAuts
     D:2: 339 daAuts
